Map: Deathaura LE

Players

LiquidClem (Clem) - Winner!

  • Race: Terran Terran
  • League: Grandmaster
  • Spawn Location: 11:00

SKillous

  • Race: Protoss Protoss
  • League: Grandmaster
  • Spawn Location: 5:00

Event: DreamHack SC2 Masters 2020 Fall

VOD

Have the link to the VOD?

Description

Time

  • Played on: Sept. 5, 2020, 12:55 p.m.
  • Length: 20:15

All games in this series

Show
View Real Time Build Order
Export as new Build Order

LiquidClem Terran - Winner!

Build Orders: Reaper Expand 

Get SALT Encoding   

  12  0:00  SCV  
  13  0:12  SCV  
  14  0:17  Supply Depot  
  14  0:24  SCV  
  15  0:38  SCV  
  15  0:40  Barracks  
  16  0:43  Refinery  
  16  0:51  SCV  
  17  1:03  SCV  
  18  1:15  SCV  
  19  1:27  Reaper, Orbital Command  
  20  1:40  Command Center  
  20  1:49  Supply Depot  
  20  1:52  SCV  
  21  1:59  Reaper  
  22  2:03  Bunker  
  22  2:06  SCV  
  23  2:14  Bunker  
  23  2:18  SCV  
  24  2:23  Factory  
  24  2:30  SCV  
  24  2:31  Marine  
  26  2:41  Refinery  
  26  2:42  SCV  
  27  2:50  Barracks Reactor  
  27  2:54  SCV, Orbital Command  
  28  3:06  SCV  
  28  3:08  Hellion  
  31  3:14  Starport  
  31  3:19  SCV  
  32  3:21  SCV  
  33  3:27  Marine  
  33  3:28  Marine  
  33  3:31  SCV  
  33  3:33  SCV  
  37  3:35  Factory Tech Lab  
  36  3:43  SCV  
  36  3:45  SCV, Marine x2  
  40  3:51  Barracks  
  38  3:57  SCV  
  38  3:59  Barracks  
  38  4:02  Raven, Factory Tech Lab  
  41  4:03  SCV, Marine x2  
  41  4:04  Supply Depot  
  41  4:09  SCV  
  45  4:11  Engineering Bay  
  45  4:12  Supply Depot  
  45  4:15  SCV  
  46  4:21  Refinery  
  46  4:26  SCV, Marine x2, Siege Tank  
  46  4:27  SCV  
  46  4:30  Supply Depot  
  53  4:38  SCV  
  53  4:39  SCV, Terran Infantry Weapons Level 1  
  53  4:43  Marine x2  
  53  4:44  Refinery  
  57  4:50  SCV, Marine  
  57  4:51  SCV  
  60  4:54  Supply Depot  
  60  4:55  Stimpack  
  60  5:00  Barracks Tech Lab  
  60  5:01  Marine  
  60  5:02  SCV  
  60  5:04  SCV, Supply Depot  
  60  5:05  Marine  
  64  5:11  Siege Tank  
  64  5:12  Marine  
  68  5:15  SCV  
  68  5:16  SCV  
  68  5:18  Supply Depot  
  68  5:19  Marine x2  
  68  5:21  Combat Shield  
  72  5:22  Marine  
  72  5:27  SCV  
  72  5:28  SCV  
  75  5:31  Starport Reactor  
  75  5:33  Marine  
  75  5:35  Supply Depot  
  76  5:37  Marine  
  76  5:40  Marauder  
  76  5:41  Marine  
  80  5:43  Siege Tank  
  80  5:46  Supply Depot  
  83  5:51  Marauder  
  83  5:52  Supply Depot  
  83  5:55  Marine  
  84  5:59  Marine  
  84  6:02  Command Center  
  85  6:06  Marauder  
  85  6:07  Medivac  
  85  6:08  Medivac  
  91  6:11  Supply Depot  
  91  6:17  Supply Depot, Marine x2  
  93  6:20  Marauder  
  93  6:23  Siege Tank  
  98  6:28  SCV  
  98  6:29  SCV  
  99  6:33  Supply Depot  
  99  6:34  Marauder  
  99  6:35  Concussive Shells  
  99  6:37  Marine x2  
  103  6:42  Marauder  
  103  6:44  Medivac  
  103  6:45  Medivac  
  109  6:49  Supply Depot  
  109  6:53  Terran Infantry Armor Level 1  
  109  6:54  SCV  
  109  6:55  Marine  
  109  6:57  Marauder  
  113  7:04  Marauder  
  113  7:09  Marine  
  113  7:15  Marine  
  108  7:16  Siege Tank  
  108  7:18  Marauder  
  108  7:22  Barracks x2  
  112  7:25  SCV x2, Marauder  
  115  7:31  Marine  
  115  7:33  Orbital Command  
  116  7:37  SCV  
  116  7:40  Marauder, Marine  
  116  7:41  SCV  
  121  7:47  Marauder  
  120  7:55  Siege Tank  
  120  7:57  SCV  
  120  7:58  SCV  
  119  7:59  SCV  
  119  8:01  Marauder  
  119  8:03  Viking  
  124  8:07  Viking  
  124  8:08  Marauder, Marine  
  124  8:10  SCV, Marine  
  124  8:12  SCV  
  132  8:13  SCV  
  132  8:15  Barracks Tech Lab  
  133  8:20  Supply Depot  
  133  8:21  Barracks Reactor  
  133  8:22  SCV, Marauder  
  133  8:26  SCV x2  
  138  8:29  Marauder  
  138  8:32  Marine  
  138  8:33  Armory  
  141  8:34  Siege Tank  
  141  8:35  SCV, Viking  
  141  8:38  Viking  
  141  8:41  SCV x2  
  151  8:42  Refinery  
  151  8:44  Refinery, Marauder, Marine  
  154  8:52  Supply Depot x2, Marine  
  154  8:53  Marauder x2  
  159  9:02  Marine x2  
  161  9:04  Command Center  
  161  9:11  Supply Depot, Ghost Academy  
  161  9:15  Missile Turret  
  160  9:20  Marine  
  160  9:21  Marine x3  
  164  9:25  Supply Depot, Marauder x2  
  164  9:26  Marauder  
  164  9:29  SCV  
  171  9:32  Sensor Tower  
  171  9:34  Missile Turret  
  171  9:35  Missile Turret  
  171  9:36  SCV  
  172  9:40  Siege Tank  
  172  9:43  Terran Infantry Weapons Level 2  
  172  9:44  Marine  
  172  9:45  Engineering Bay, Marine  
  177  9:46  Marine  
  177  9:47  Marauder  
  177  9:48  Marine  
  181  9:58  Supply Depot, Marauder x2  
  181  9:59  Medivac  
  187  10:00  Medivac  
  187  10:03  SCV  
  188  10:08  Marauder  
  188  10:12  Siege Tank  
  191  10:19  Marauder x2, Marine x2  
  193  10:23  Marine x2  
  195  10:30  Marauder  
  172  10:37  Marine  
  172  10:38  Medivac x2  
  172  10:39  Marine  
  172  10:41  SCV x2, Marauder x2  
  150  10:44  Marine, Siege Tank  
  149  10:50  Marine  
  149  10:51  Marauder  
  149  10:54  SCV  
  149  10:55  SCV, Barracks  
  149  10:57  Barracks  
  149  10:58  Marine x2, Barracks  
  149  11:02  Marauder x2, Marine  
  154  11:08  Medivac  
  154  11:09  Planetary Fortress  
  154  11:10  SCV  
  157  11:12  Marauder  
  157  11:16  Medivac  
  153  11:18  SCV  
  153  11:19  SCV  
  153  11:23  Marauder  
  153  11:24  Marauder  
  153  11:25  Siege Tank  
  158  11:27  Marine  
  158  11:32  Marine  
  157  11:33  SCV  
  157  11:34  Marauder  
  157  11:37  SCV  
  157  11:39  Marine  
  162  11:41  Marine  
  162  11:43  Medivac  
  162  11:44  Barracks Tech Lab  
  162  11:45  Marauder x2, Barracks Tech Lab  
  162  11:46  Barracks Reactor, SCV x3  
  172  11:49  SCV  
  172  11:52  Terran Infantry Armor Level 2  
  172  11:53  Terran Vehicle Weapons Level 1  
  173  11:54  Marine  
  173  11:58  SCV  
  173  11:59  Ghost  
  173  12:00  SCV  
  173  12:01  SCV x2  
  179  12:07  Refinery  
  179  12:08  Refinery  
  180  12:10  Marine  
  180  12:12  Marauder  
  183  12:15  Ghost x2  
  183  12:18  Ghost  
  187  12:23  Missile Turret x2  
  187  12:29  Command Center  
  186  12:31  Marine x2  
  186  12:33  Siege Tank  
  191  12:38  Ghost  
  191  12:40  Viking  
  191  12:42  Viking  
  196  12:52  Marauder  
  196  12:57  Ghost  
  200  13:00  Marine  
  200  13:06  Terran Infantry Weapons Level 3  
  200  13:10  Viking  
  200  13:11  Marauder, Siege Tank  
  196  13:15  Marine  
  196  13:16  Marauder x2  
  195  13:27  Marauder  
  195  13:30  Marauder, Liberator  
  172  13:38  Marine x2  
  172  13:39  Marauder, Marine x3  
  175  13:43  SCV, Siege Tank  
  175  13:45  Marine  
  175  13:47  Marine  
  175  13:48  Marauder, Marine  
  183  13:51  Viking  
  183  13:54  Marauder, Starport  
  188  13:56  Marine  
  188  13:59  Marine  
  188  14:00  Marauder  
  180  14:05  Marine x2  
  180  14:06  Marauder x2  
  180  14:09  Marauder  
  181  14:13  Viking  
  181  14:15  Ghost, Siege Tank  
  166  14:17  Marine x4  
  166  14:20  SCV, Ghost  
  166  14:21  Medivac  
  166  14:23  Planetary Fortress, Marine  
  174  14:26  SCV  
  174  14:27  Marauder  
  174  14:28  SCV, Marauder  
  174  14:29  Marine  
  180  14:32  Marine  
  180  14:34  Missile Turret  
  180  14:37  Viking  
  183  14:43  Viking  
  185  14:45  Ghost  
  185  14:47  Siege Tank  
  185  14:49  Marine  
  185  14:51  Viking, Marine  
  185  14:52  Marine  
  194  14:57  Marauder  
  196  15:00  Marine  
  196  15:01  Marauder  
  196  15:05  Marauder  
  196  15:07  Marauder  
  191  15:08  Viking  
  191  15:10  Marine  
  191  15:12  Marine  
  191  15:13  Marine  
  196  15:15  Marauder, Marine  
  196  15:17  Marine  
  197  15:21  Marine  
  197  15:22  Marauder  
  197  15:25  Ghost  
  200  15:34  Medivac  
  196  15:39  Marauder x2, Refinery, Command Center  
  196  15:41  Refinery  
  200  15:52  Terran Infantry Armor Level 3  
  200  15:55  Starport Reactor  
  199  15:58  Terran Ship Weapons Level 1, Fusion Core  
  199  16:08  Ghost  
  171  16:13  Marauder, Marine  
  171  16:14  Marauder  
  171  16:15  Marauder  
  171  16:18  Marauder  
  148  16:20  Marine, Siege Tank  
  148  16:21  Marine x2  
  148  16:22  Marine  
  148  16:23  Marine  
  148  16:24  Medivac x2  
  140  16:31  Marine  
  139  16:35  Marauder x2  
  139  16:36  Marauder  
  139  16:37  Marine  
  139  16:38  Medivac x2, Marine  
  139  16:39  Marauder, Marine x2  
  155  16:40  Marine  
  155  16:44  Marine  
  157  16:49  Marine  
  157  16:51  Missile Turret  
  157  16:53  Siege Tank  
  160  16:55  Ghost  
  160  16:56  Medivac, Marauder, Marine  
  160  16:57  Marauder, Marine x2  
  160  16:58  Marauder  
  160  17:00  Marauder  
  175  17:02  Marine x2  
  175  17:07  Marine  
  178  17:11  Liberator  
  178  17:14  Marine  
  178  17:16  Liberator x2  
  178  17:17  Marauder  
  178  17:18  Marauder  
  178  17:19  Marauder  
  178  17:21  Marine  
  191  17:25  Siege Tank  
  191  17:26  Liberator  
  191  17:28  Marauder, Marine  
  199  17:36  Ghost  
  193  17:39  Marauder  
  193  17:41  Marauder x2  
  193  17:43  Marine  
  187  17:45  Marine  
  187  17:49  Marauder  
  190  17:54  Medivac  
  190  17:57  Siege Tank  
  179  18:00  Marauder  
  179  18:02  Marauder  
  179  18:03  Marauder  
  179  18:05  Marauder  
  187  18:06  Planetary Fortress  
  187  18:11  Marauder  
  189  18:17  Marine  
  169  18:21  Marauder  
  169  18:24  Marauder x2  
  169  18:27  Marauder  
  164  18:28  Medivac  
  164  18:29  Siege Tank  
  164  18:32  Marauder  
  165  18:35  Marine x3  
  165  18:36  Marine x2  
  170  18:42  Marine  
  170  18:43  Marauder  
  170  18:45  Marauder  
  170  18:46  Marauder  
  170  18:48  Marauder  
  179  18:51  SCV, Missile Turret, Refinery x2  
  179  18:52  SCV  
  179  18:53  SCV, Marine x2  
  179  18:54  SCV, Marauder  
  187  18:58  Marine x2  
  187  19:00  Liberator  
  192  19:03  SCV x2, Ghost  
  192  19:04  SCV  
  197  19:11  Marine  
  197  19:13  Marauder  
  200  19:20  Missile Turret  
  200  19:21  Missile Turret  
  200  19:23  Viking x2  
  196  19:25  Ghost  
  196  19:29  Viking  
  200  19:38  Command Center  
  200  19:50  Command Center  
  200  19:53  Sensor Tower  
  200  20:13  Command Center  
Show
View Real Time Build Order
Export as new Build Order

SKillous Protoss 

Build Orders: 1 Gate Expand, Colossus Rush 

Get SALT Encoding   

  12  0:00  Probe  
  13  0:12  Probe  
  14  0:17  Pylon  
  14  0:24  Probe (Chrono Boost)  
  15  0:36  Probe (Chrono Boost)  
  15  0:37  Gateway  
  16  0:44  Probe (Chrono Boost)  
  16  0:45  Assimilator  
  17  0:51  Probe  
  18  1:03  Probe  
  19  1:15  Probe  
  20  1:24  Cybernetics Core  
  20  1:32  Nexus  
  20  1:35  Probe  
  21  1:42  Pylon  
  21  1:49  Probe, Assimilator  
  22  1:58  Adept (Chrono Boost)  
  22  2:01  Probe (Chrono Boost), Warp Gate  
  25  2:13  Probe (Chrono Boost)  
  26  2:18  Probe (Chrono Boost)  
  26  2:21  Stalker  
  29  2:27  Probe  
  30  2:39  Probe (Chrono Boost)  
  30  2:40  Shield Battery  
  31  2:44  Robotics Facility  
  31  2:49  Probe (Chrono Boost)  
  33  2:51  Probe (Chrono Boost)  
  33  2:52  Sentry  
  36  2:58  Probe (Chrono Boost)  
  36  3:00  Probe (Chrono Boost)  
  37  3:06  Probe  
  37  3:10  Probe  
  37  3:11  Gateway  
  39  3:18  Probe  
  40  3:23  Probe  
  41  3:30  Probe  
  41  3:32  Observer  
  43  3:35  Probe  
  44  3:42  Probe  
  44  3:47  Probe, Pylon  
  43  3:54  Probe  
  43  3:55  Observer  
  43  3:59  Probe  
  43  4:02  Nexus  
  44  4:03  Pylon  
  44  4:08  Robotics Bay  
  44  4:10  Probe (Chrono Boost)  
  44  4:14  Probe (Chrono Boost)  
  44  4:17  Assimilator  
  45  4:22  Probe (Chrono Boost)  
  45  4:23  Observer  
  48  4:26  Probe (Chrono Boost)  
  48  4:30  Probe (Chrono Boost)  
  48  4:31  Probe (Chrono Boost)  
  49  4:35  Assimilator  
  49  4:36  Probe  
  51  4:40  Probe  
  51  4:44  Observer (Chrono Boost)  
  53  4:49  Probe  
  53  4:52  Probe  
  55  4:53  Pylon  
  55  4:55  Twilight Council  
  55  5:01  Probe  
  55  5:04  Colossus (Chrono Boost)  
  62  5:09  Shield Battery  
  62  5:11  Probe, Pylon  
  62  5:13  Probe  
  64  5:17  Extended Thermal Lance  
  64  5:19  Gateway  
  64  5:20  Gateway  
  63  5:22  Probe  
  63  5:23  Probe  
  63  5:24  Observer  
  63  5:25  Probe, Observer  
  63  5:26  Charge (Chrono Boost)  
  66  5:34  Probe  
  67  5:36  Gateway  
  67  5:37  Gateway  
  67  5:39  Probe  
  67  5:41  Probe  
  69  5:46  Probe  
  69  5:49  Stalker  
  72  5:53  Colossus (Chrono Boost)  
  72  5:54  Probe x2  
  74  5:58  Probe  
  74  6:03  Zealot  
  83  6:07  Pylon  
  83  6:10  Pylon  
  83  6:13  Zealot  
  83  6:14  Zealot  
  83  6:15  Zealot  
  89  6:20  Pylon x2  
  89  6:22  Observer  
  89  6:29  Probe x3  
  89  6:31  Colossus (Chrono Boost)  
  92  6:32  Forge  
  92  6:33  Pylon  
  98  6:45  Zealot x5  
  106  6:49  Zealot  
  106  6:51  Shield Battery  
  107  7:07  Zealot x5  
  117  7:14  Zealot, Colossus (Chrono Boost)  
  117  7:15  Probe  
  110  7:21  Probe x2  
  114  7:24  Protoss Ground Weapons Level 1 (Chrono Boost)  
  114  7:27  Zealot x5  
  124  7:31  Templar Archives  
  124  7:32  Blink  
  124  7:33  Probe  
  124  7:34  Probe  
  124  7:35  Probe  
  127  7:42  Assimilator  
  127  7:43  Assimilator  
  127  7:48  Probe x2  
  127  7:53  Sentry  
  127  7:54  Sentry  
  127  7:55  Probe  
  127  7:57  Zealot x4  
  132  7:59  Pylon  
  132  8:03  Pylon  
  132  8:04  Pylon  
  132  8:09  Pylon  
  132  8:12  Pylon  
  132  8:16  Warp Prism (Chrono Boost)  
  132  8:17  High Templar x3  
  140  8:22  Nexus  
  140  8:25  Archon  
  140  8:26  Pylon  
  140  8:28  High Templar  
  142  8:34  Photon Cannon  
  142  8:35  Shield Battery  
  142  8:36  Pylon  
  142  8:37  Archon  
  142  8:38  Forge  
  142  8:46  Zealot x2  
  146  8:51  Gateway x2  
  146  8:58  Dark Shrine  
  146  9:00  Zealot  
  146  9:01  Zealot x2  
  146  9:02  Zealot  
  154  9:09  Probe  
  152  9:12  Photon Cannon  
  152  9:14  Photon Cannon  
  152  9:16  Probe  
  153  9:23  Protoss Ground Weapons Level 2 (Chrono Boost)  
  151  9:24  Protoss Ground Armor Level 1 (Chrono Boost)  
  151  9:28  Gravitic Drive (Chrono Boost)  
  151  9:32  High Templar x2  
  151  9:33  Zealot x2  
  151  9:36  Probe (Chrono Boost)  
  163  9:38  Pylon  
  163  9:41  Probe x2 (Chrono Boost)  
  163  9:42  Archon  
  163  9:43  Probe (Chrono Boost)  
  164  9:45  Disruptor (Chrono Boost)  
  164  9:46  Probe (Chrono Boost), Zealot x3  
  173  9:55  Zealot x3  
  173  9:58  Shield Battery  
  173  9:59  Shield Battery  
  178  10:08  Stalker x3  
  178  10:11  Stalker  
  184  10:14  Disruptor  
  184  10:19  Zealot x4  
  179  10:32  Zealot x3  
  166  10:35  Zealot  
  166  10:37  Probe  
  166  10:42  Zealot x4  
  157  10:43  Probe  
  150  10:50  Disruptor (Chrono Boost)  
  150  10:52  Zealot x2  
  147  11:00  Zealot x3  
  147  11:01  Zealot  
  147  11:02  Zealot x4  
  161  11:08  Probe x2  
  161  11:10  Robotics Facility  
  161  11:11  Pylon, Nexus  
  153  11:16  Zealot x3  
  157  11:18  Disruptor (Chrono Boost)  
  154  11:25  Probe  
  154  11:27  Shadow Stride, Protoss Ground Armor Level 2 (Chrono Boost)  
  145  11:34  Protoss Ground Weapons Level 3 (Chrono Boost)  
  145  11:39  Photon Cannon, Dark Templar x2  
  149  11:40  Photon Cannon, Dark Templar x3  
  149  11:42  Sentry x2, Photon Cannon  
  149  11:43  Photon Cannon  
  149  11:45  Shield Battery  
  153  11:51  Photon Cannon  
  153  12:00  Warp Prism (Chrono Boost)  
  155  12:06  Dark Templar x2  
  155  12:08  Warp Prism (Chrono Boost)  
  161  12:09  Dark Templar  
  161  12:22  Photon Cannon  
  161  12:24  Zealot x5  
  169  12:38  Zealot x2  
  169  12:43  Zealot, Gateway  
  175  12:45  Gateway  
  175  12:46  Zealot x4  
  175  12:47  Zealot, Gateway  
  175  12:48  Gateway  
  183  13:03  Zealot x3  
  185  13:16  Zealot x5  
  183  13:27  Zealot x3  
  183  13:33  Protoss Ground Armor Level 3 (Chrono Boost)  
  151  13:39  Zealot x3  
  151  13:40  Zealot x4  
  161  13:46  Colossus (Chrono Boost)  
  171  13:51  Stalker x5  
  171  13:54  Pylon, Nexus  
  181  14:00  Zealot x5  
  185  14:09  Stalker x2  
  169  14:18  Zealot x2  
  169  14:19  Zealot x2  
  177  14:30  Protoss Shields Level 1 (Chrono Boost)  
  175  14:32  Stalker x5  
  175  14:34  Warp Prism (Chrono Boost)  
  175  14:36  Dark Templar x3  
  187  14:38  Warp Prism  
  187  14:43  Dark Templar x4  
  197  14:56  Zealot  
  199  15:04  Pylon, Archon  
  165  15:14  Stalker x7  
  174  15:27  Zealot x5  
  174  15:38  Unknown  
  174  15:39  Unknown, Dark Templar  
  174  15:40  Dark Templar x5  
  174  15:41  Zealot  
  188  16:01  Zealot x5  
  156  16:12  Zealot x7  
  156  16:18  Colossus (Chrono Boost)  
  126  16:25  Colossus (Chrono Boost)  
  126  16:30  Stalker, Zealot x2  
  126  16:31  Zealot x2  
  128  16:35  Sentry  
  128  16:36  Sentry, Zealot x2  
  128  16:37  Zealot x3  
  142  16:43  Photon Cannon  
  142  16:45  Shield Battery  
  142  16:46  Photon Cannon  
  142  16:59  Colossus (Chrono Boost)  
  148  17:03  Zealot x8  
  148  17:07  Colossus (Chrono Boost)  
  168  17:10  Stalker x2  
  170  17:19  Dark Templar x2  
  170  17:26  Zealot x4  
  170  17:27  Zealot x2  
  142  17:44  Zealot x4  
  142  17:48  Colossus (Chrono Boost)  
  142  17:49  Dark Templar x4  
  152  17:59  Pylon  
  152  18:01  Zealot x4  
  160  18:06  Zealot x2  
  160  18:09  Zealot  
  166  18:17  Stalker  
  138  18:24  Archon  
  138  18:25  Zealot x2  
  138  18:26  Zealot x5  
  138  18:30  Stalker  
  138  18:33  Stalker  
  117  18:40  Assimilator  
  117  18:41  Stalker, Assimilator  
  118  18:43  Observer  
  118  18:47  High Templar x4  
  118  18:48  Sentry  
  128  18:51  Archon x2  
  128  18:53  Stalker  
  130  18:57  Zealot  
  130  18:58  Zealot  
  134  19:11  Zealot x3  
  134  19:12  Zealot  
  136  19:22  Zealot x3  
  136  19:23  Zealot  
  130  19:30  Stalker  
  125  19:40  Stalker x2  
  125  19:45  Zealot  
  128  20:00  Dark Templar  
  128  20:03  Zealot  
  128  20:04  Zealot x2  
  134  20:08  Dark Templar  

Tags
 
Add a new tag
Caveats
  • Supply blocks, unpowered buildings, or Contaminate may cause inaccurate times.
  • Supply counts are checked every 10 seconds.